 Dungeon Crawl Stone Soup version 0.32-a0-814-g0968bab981 (webtiles) character file.

Game seed: 9503433430410407182

173 warriortoast the Ruffian (level 5, -2/35 HPs)
             Began as an Octopode Shapeshifter on Mar 22, 2024.
             Killed from afar by an orc wizard (8 damage)
             ... with a magic dart
             ... on level 3 of the Dungeon.
             The game lasted 00:03:40 (2652 turns).

warriortoast the Ruffian (Octopode Shapeshifter)    Turns: 2652, Time: 00:03:40

Health: -2/35      AC:  1    Str: 16    XL:     5   Next: 53%
Magic:  14/14      EV: 12    Int: 12    God:
Gold:   153        SH:  0    Dex: 17    Spells: 4/4 levels left

rFire   . .          .
                       - Unarmed
rCold   . . .        (no shield)
rNeg    . . .        (helmet currently unavailable)
rPois   .            (no amulet)
rElec   .            i - ring of magical power
rCorr   .            e - +6 ring of dexterity
SInv    .            (no ring)
Will    .....        (no ring)
Stlth   ++++         (no ring)
HPRegen 0.25/turn    (no ring)
MPRegen 0.14/turn    (no ring)
                     (no ring)

%: no passive effects
@: beast-form
A: beast (slay +2), almost no armour, amphibious, 8 rings, camouflage 1,
gelatinous body 1, (nimble swimmer 1), tentacles
a: Begin Untransformation


You were on level 3 of the Dungeon.
You were a hulking beast.
You visited 1 branch of the dungeon, and saw 4 of its levels.

You collected 153 gold pieces.

Inventory:

Missiles
 h - 11 poisoned darts (quivered)
 o - a throwing net
Jewellery
 e - a +6 ring of dexterity (right tentacle)
 i - a ring of magical power (left tentacle)
 m - a ring of wizardry
 n - a ring of resist corrosion
Talismans
 b - a beast talisman (active)
 c - a flux talisman
Scrolls
 f - a scroll of blinking
 g - 2 scrolls of identify {unknown}
 j - 3 scrolls of enchant weapon {unknown}
 l - a scroll of noise {unknown}
 s - 3 scrolls of teleportation {unknown}
Potions
 a - a potion of lignification
 d - a potion of brilliance {unknown}
 k - 2 potions of invisibility {unknown}
 p - 2 potions of resistance {unknown}
 q - a potion of curing {unknown}
 r - a potion of enlightenment {unknown}


   Skills:
 + Level 2.5 Fighting
 - Level 2.0 Dodging
 + Level 3.5 Stealth
 + Level 3.9 Unarmed Combat
 + Level 3.8 Shapeshifting


You had 4 spell levels left.
You didn't know any spells.
Your spell library contained the following spells:

 Spells                   Type           Power      Damage    Failure   Level
 Tukima's Dance           Hex            0%         N/A       69%         3
 Dimensional Bullseye     Hex/Tloc       0%         N/A       97%         4
 Iskenderun's Mystic Bla  Conj/Tloc      0%         2d3       97%         4


Dungeon Overview and Level Annotations

Branches:
Dungeon (4/15)
 Temple: D:4-7

Altars:
Yredelemnul
Zin

Portals:
Abyss: D:3

Annotations:
D:3 2 transporters, pokeman's ghost, amateur DEHW


Innate Abilities, Weirdness & Mutations

You are a hulking beast.
Your limbs bulge with bestial killing power. (Slay +2)
You cannot wear most types of armour.
You are amphibious.
You can wear up to eight rings at the same time.
Your skin changes colour to match your surroundings (Stealth+).
Your rubbery body absorbs attacks. (AC +1, EV +1)
((You are camouflaged when in or above water. (Stealth+)))
You have tentacles for arms and can constrict up to eight enemies at once.


Message History

No target in view!
Something hits you. A mysterious force pulls you upwards.
The hatch slams shut behind you.
Level annotation: 2 transporters, pokeman's ghost, amateur DEHW Reactivating autopickup.
Something hits you.
Deactivating autopickup; reactivate with Ctrl-A.
You can't go down here!
Something hits you.
You can't go down here!
You hear some strange, mumbled words.
You are confused.
You can't go down here!
Something hits you.
You hear some strange, mumbled words.
Something tries to affect you, but you resist.
You bump into the rock wall.
You bump into the rock wall.
You feel less confused. Something hits you. Something hits you.
Something hits you.
There is an open door here.
Something hits you.
Something is blocking the doorway!
Something hits you.
You closely miss something.
You hear some strange, mumbled words.
A magic dart appears from out of thin air!
The magic dart hits you.
* * * LOW HITPOINT WARNING * * *
You tentacle-slap something. Something hits you.
* * * LOW HITPOINT WARNING * * *
You miss something. You squeeze something. You closely miss something.
You squeeze something! Something hits you.
* * * LOW HITPOINT WARNING * * *
You tentacle-slap something. You squeeze something.
You hear some strange, mumbled words.
A magic dart appears from out of thin air!
The magic dart hits you!
You die...

#....#.....# #.........#
#....###..## #.........# #....#
##..# ########### #....# ##.####
#....## #....# #....######.....##
#...## ####.....##......#####
#...# ##.................
#...##########.................
#####........{h.........##.....
#.......##.........####....
#.......##......####..##..#
#.......##.....##...#?©#..#
#.......##.....#.#.##.##..#
########......####...##..####...#
.......#......# #....##..#....##
.......'......# ##...##..##©###
######.#...##### #..##..#K###...


There were no monsters in sight!

Vanquished Creatures
  3 hounds
  An adder (D:2)
  4 dart slugs
  A ribbon worm (D:4)
  8 bats
  7 endoplasms
  2 giant cockroaches (D:1)
  8 goblins
  5 hobgoblins
  3 jackals (D:1)
  4 kobolds
  A quokka (D:1)
  7 ball pythons
  4 frilled lizards
  7 rats
65 creatures vanquished.

Notes
Turn   | Place    | Note
-------+----------+-------------------------------------------
     0 | D:1      | warriortoast the Octopode Shapeshifter began the quest for
                  | the Orb.
     0 | D:1      | Reached XP level 1. HP: 13/13 MP: 1/1
    76 | D:1      | Reached skill level 1 in Stealth
    76 | D:1      | Reached XP level 2. HP: 3/18 MP: 2/2
   425 | D:1      | Reached XP level 3. HP: 19/23 MP: 3/3
   916 | D:2      | Reached XP level 4. HP: 23/29 MP: 4/4
  1064 | D:2      | Found a faded altar of an unknown god.
  1840 | D:3      | Found a transporter.
  1840 | D:3      | Found a transporter.
  1879 | D:3      | Noticed a small abomination
  1881 | D:3      | Found a one-way gate to the infinite horrors of the Abyss.
  1881 | D:3      | Noticed pokeman's ghost (amateur DEHW)
  2419 | D:4      | Reached XP level 5. HP: 15/35 MP: 5/5
  2530 | D:4      | Found a glowing silver altar of Zin.
  2575 | D:4      | Found a basalt altar of Yredelemnul.
  2652 | D:3      | Killed from afar by an orc wizard

Illustrated notes

Levels and vault maps discovered:
D:1:      dpeg_arrival_rooms_a, layout_basic, st_stairs_9
D:2:      layout_basic, ebering_ecumenical_altar_webs
D:3:      layout_basic, gammafunk_ghost_abyssal_escape, kennysheep_small_spiral,
          hex_intersection
D:4:      layout_basic, lemuel_tele_altar, zin_treasury,
          mainiacjoe_overflow_catwalk, nrook_mini_vaults, minmay_misc_feat_iff,
          minmay_misc_feat_more_columns, nicolae_the_louvre

Skill      XL: |  1  2  3  4 |
---------------+-------------+-----
Stealth        | 1 2 3 |  3.5
Fighting       | 2 |  2.5
Dodging        | |  2.0
Unarmed Combat | |  3.9
Shapeshifting  | |  3.8

Action                     |  1- 3 |  4- 6 || total
---------------------------+-------+-------++-------
  Melee: Unarmed           |    45 |    57 ||   102
         Constrict         |    16 |    17 ||    33
         Punch             |     2 |     2 ||     4
         Tentacles         |     6 |    15 ||    21
  Throw: Dart              |     1 |       ||     1
   Stab: Sleeping          |     8 |     7 ||    15
 Armour: Skin              |    26 |    29 ||    55
  Dodge: Dodged            |    34 |    21 ||    55

Table legend: (Time is in decaauts)
 A = Elapsed time spent in this place.
 B = Non-inter-level travel time spent in this place.
 C = Inter-level travel time spent in this place.
 D = Time resting spent in this place.
 E = Time spent auto-exploring this place.
 F = Levels seen in this place.
 G = Mean time per level.
                   A        B        C        D        E       F      G
               +--------+--------+--------+--------+--------+-----+--------+
         Total |   2644 |   2595 |     49 |     47 |   2038 |   4 |  661.0 |
       Dungeon |   2644 |   2595 |     49 |     47 |   2038 |   4 |  661.0 |
               +--------+--------+--------+--------+--------+-----+--------+

Top non-repeatable levels by time:
     D:2: 927 daAuts
     D:1: 752 daAuts
     D:3: 682 daAuts
     D:4: 281 daAuts
